 Dungeon Crawl Stone Soup version 0.29-a0-369-gd956c00756 (webtiles) character file.

Game seed: 13716414819587610251

126 Antichthon the Covered (level 5, -4/33 HPs)
             Began as a Gargoyle Fighter on May 2, 2022.
             Slain by a gnoll
             ... wielding a +0 halberd
              (7 damage)
             ... on level 3 of the Dungeon.
             The game lasted 00:03:58 (3271 turns).

Antichthon the Covered (Gargoyle Fighter)           Turns: 3271, Time: 00:03:58

Health: -4/33      AC: 13    Str: 20    XL:     5   Next: 9%
Magic:  5/5        EV:  6    Int: 10    God:
Gold:   179        SH:  8    Dex:  9    Spells: 4/4 levels left

rFire   . . .      SeeInvis .   a - +0 flail
rCold   . . .      Faith    .   h - +0 kite shield
rNeg    + . .      Spirit   .   o - +0 chain mail
rPois   ∞          Reflect  .   (no helmet)
rElec   +          Harm     .   (no cloak)
rCorr   +          Rampage  .   (no gloves)
Will    .....                   (no boots)
Stlth   ..........              (no amulet)
HPRegen 0.11/turn               m - ring of resist corrosion
MPRegen 0.09/turn               (no ring)

@: no status effects
A: sickness immunity, AC +4, negative energy resistance 1, electricity
resistance, torment resistance 1, petrification resistance
a: no special abilities


You were on level 3 of the Dungeon.
You visited 1 branch of the dungeon, and saw 3 of its levels.

You collected 179 gold pieces.

Inventory:

Hand Weapons
 a - a +0 flail (weapon)
Armour
 h - a +0 kite shield (worn)
 o - a +0 chain mail (worn)
Jewellery
 m - a ring of resist corrosion (left hand)
 p - an amulet of guardian spirit
Scrolls
 e - 2 scrolls of teleportation
 n - a scroll of magic mapping
Potions
 b - a potion of ambrosia {unknown}
 c - a potion of flight {unknown}
 d - a potion of might
 f - 2 potions of brilliance
 g - a potion of heal wounds
 i - a potion of invisibility {unknown}
 k - 3 potions of haste


   Skills:
 * Level 3.8 Fighting
 * Level 2.9 Maces & Flails
 * Level 4.1 Armour
 * Level 1.0 Dodging
 * Level 4.0 Shields
 * Level 1.1 Invocations


You had 4 spell levels left.
You didn't know any spells.
Your spell library contained the following spells:

 Spells                   Type           Power      Damage    Failure   Level
 Dazzling Flash           Conj/Hex       0%         N/A       100%        3
 Stone Arrow              Conj/Erth      0%         3d7       100%        3
 Tukima's Dance           Hex            0%         N/A       100%        3
 Anguish                  Hex/Necr       0%         N/A       100%        4
 Animate Armour           Summ/Erth      0%         N/A       100%        4
 Iskenderun's Mystic Bla  Conj/Tloc      0%         2d3       100%        4
 Starburst                Conj/Fire      0%         6d3       100%        6
 Enfeeble                 Hex            0%         N/A       100%        7
 Lehudib's Crystal Spear  Conj/Erth      0%         10d2      100%        8


Dungeon Overview and Level Annotations

Branches:
Dungeon (3/15)

Altars:
Cheibriados

Shops:
D:2 ([


Innate Abilities, Weirdness & Mutations

You are immune to sickness and miasma.
Your stone body is resilient. (AC +4)
You are immune to poison.
You resist negative energy. (rN+)
You are resistant to electric shocks. (rElec)
You are resistant to unholy torment.
You are immune to petrification.


Message History

The rat bites you but does no damage.
You hit the rat.
You kill the rat!
You see here a rat corpse.
You see here a ring of poison resistance.
An adder comes into view.
You barely miss the adder. You block the adder's attack. x2
You closely miss the adder. The adder barely misses you. The adder bites you.
You sock the adder!
You kill the adder!
Your Dodging skill increases to level 1!
You see here an adder corpse.
You now have 179 gold pieces (gained 6).
Found an ancient robe.
You pick up a book of Armaments and begin reading...
You add the spells Stone Arrow, Animate Armour and Lehudib's Crystal Spear to your library.
You see here the +5 robe of Stoicism {rC- rN+++ Will++ Dex-5}. 2 gnolls come into view.
The gnoll shouts!
You hear a shout!
A gnoll comes into view. It is wielding a +0 club.
The gnoll hits you from afar with a +0 halberd.
The gnoll hits you but does no damage.
You hit the gnoll.
The gnoll is moderately wounded.
The gnoll barely misses you.
The gnoll hits you from afar with a +0 halberd.
You sock the gnoll!
The gnoll is almost dead.
You block the gnoll's attack.
The gnoll hits you from afar with a +0 halberd!
The gnoll hits you with a +0 halberd! The gnoll hits you but does no damage.
You closely miss the gnoll.
The gnoll is almost dead.
The gnoll hits you but does no damage. You block the gnoll's attack.
You closely miss the gnoll.
The gnoll is almost dead.
The gnoll hits you with a +0 halberd!
* * * LOW HITPOINT WARNING * * *
The gnoll hits you but does no damage. The gnoll hits you with a +0 halberd!
You die...

.#.#.#.....†....# *,*
.#.#.####.......#******,****
.#.#.####.......#*,,,,,,,,,*
.#.#............#*,*,**,,*,*
.......##.......#*,*,,,,,*,*
.#.###.##.......#*,*,.#*,*,*
.#.###.##.......#*,#..##,*,*
.#..##.###########g.....,,,*
.##.##.# #..@gg...#*****
.......# #.######## ###.####
#.# #...#########.#
#.#........##.#
##...##.#.#.##.##
#######.#..[..#.# #
#.###.##.## # #.....####


You could see 3 gnolls.

Vanquished Creatures
  A jelly (D:3)
  4 adders
  A dart slug (D:1)
  2 orcs (D:3)
  3 ball pythons
  2 bats
  6 endoplasms
  A giant cockroach (D:2)
  9 goblins
  2 hobgoblins (D:3)
  5 jackals
  3 kobolds
  3 quokkas
  A frilled lizard (D:1)
  8 rats
51 creatures vanquished.

Notes
Turn   | Place    | Note
-------+----------+-------------------------------------------
     0 | D:1      | Antichthon the Gargoyle Fighter began the quest for the
                  | Orb.
     0 | D:1      | Reached XP level 1. HP: 14/14 MP: 1/1
   558 | D:1      | Reached XP level 2. HP: 18/19 MP: 2/2
  1099 | D:1      | You fall into a shaft and drop 1 floor!
  1197 | D:2      | Reached XP level 3. HP: 15/23 MP: 3/3
  2044 | D:2      | Found a snail-covered altar of Cheibriados.
  2253 | D:2      | Found Quciochi's Antique Weapon Shoppe.
  2270 | D:2      | Reached XP level 4. HP: 29/29 MP: 4/4
  2345 | D:2      | Found Feut's Armour Emporium.
  2520 | D:3      | Reached skill level 1 in Invocations
  2998 | D:3      | Reached XP level 5. HP: 33/33 MP: 5/5
  3202 | D:3      | Reached skill level 1 in Dodging
  3255 | D:3      | Identified the +5 robe of Stoicism {rC- rN+++ Will++ Dex-5}
  3271 | D:3      | Slain by a gnoll

Illustrated notes

Levels and vault maps discovered:
D:1:      psy_arrival_radial01, layout_basic, nrook_uturn, minmay_tetromino_l2
D:2:      layout_loops_ring, basic_altar, serial_shops, nicolae_square_shop,
          nicolae_shop_competitors_out_of_business
D:3:      layout_loops_cross, grunt_ministairs_15,
          minmay_fractal_squares_gapless_5

Skill      XL: |  1  2  3  4  5 |
---------------+----------------+-----
Armour         | 4 |  4.1
Invocations    | 1 |  1.1
Shields        | 4 |  4.0
Dodging        | 1 |  1.0
Fighting       | |  3.8
Maces & Flails | |  2.9

Action                   |  1- 3 |  4- 6 || total
-------------------------+-------+-------++-------
Melee: Flail             |   121 |    54 ||   175
  Use: Scroll            |     4 |     6 ||    10
Armor: Scale mail        |    78 |    28 ||   106
       Chain mail        |       |    10 ||    10
Dodge: Dodged            |    52 |    26 ||    78
Block: Buckler           |    18 |       ||    18
       Kite shield       |    36 |    34 ||    70

Table legend: (Time is in decaauts)
 A = Elapsed time spent in this place.
 B = Non-inter-level travel time spent in this place.
 C = Inter-level travel time spent in this place.
 D = Time resting spent in this place.
 E = Time spent auto-exploring this place.
 F = Levels seen in this place.
 G = Mean time per level.
                   A        B        C        D        E       F      G
               +--------+--------+--------+--------+--------+-----+--------+
         Total |   3341 |   3312 |     29 |      0 |   2719 |   3 | 1113.7 |
       Dungeon |   3341 |   3312 |     29 |      0 |   2719 |   3 | 1113.7 |
               +--------+--------+--------+--------+--------+-----+--------+

Top non-repeatable levels by time:
     D:1: 1581 daAuts
     D:2: 963 daAuts
     D:3: 796 daAuts
